AoeStats
← Soxickano

Arena

509580802Analyzed
2v2 RM · 3d ago on Sep 27, 2026· 22m 47s· 4 players
Game mode
Random Map
Map size
Medium (4 player)
Population
200
Speed
Normal
Resources
Standard
Victory
Conquest
Starting age
Dark Age
Ending age
Imperial Age
RankedLock teamsTeams togetherTeam positionsShared explorationLock speedFull tech treeHidden civsTurbo modeCheats
Victory
Defeat
🇩🇪 Bulgarians · Germany
919
+15
🇩🇪 Bulgarians · Germany
885
+17
🇫🇷 Japanese · France
909
-16
🇫🇷 Khmer · France
895
-16
Kaizo
5:23 Loom
10:30 Feudal Age
15:35 Castle Age
14:35 Double-Bit Axe
14:32 Horse Collar
18:18 Bow Saw
19:52 Heavy Plow
Soxickano
11:43 Feudal Age
16:00 Castle Age
15:05 Double-Bit Axe
16:06 Forging
15:49 Fletching
17:11 Stone Mining
17:11 Horse Collar
17:58 Bodkin Arrow
20:47 Heavy Plow
21:12 Gambesons
Psammodromus
11:25 Feudal Age
10:07 Loom
13:46 Double-Bit Axe
16:09 Castle Age
16:32 Stone Mining
18:22 Bow Saw
18:42 Fletching
18:35 Horse Collar
honigtopf
12:43 Feudal Age
16:09 Castle Age
15:27 Loom
15:28 Double-Bit Axe
15:38 Fletching
16:46 Scale Barding Armor
22:13 Bodkin Arrow
23:33 Bow Saw
Connection lost

Rejoining the realm…

Still unreachable

The connection could not be restored.

Session expired

The server has moved on; the page needs a fresh start.